 Dungeon Crawl Stone Soup version 0.29-a0-541-gaf1fc19f1b (webtiles) character file.

Game seed: 4617537249805179397

296 xian the Conjurer (level 6, -1/33 HPs)
             Began as a Tengu Conjurer on June 3, 2022.
             Slain by an ogre
             ... wielding a +0 giant club
              (21 damage)
             ... on level 4 of the Dungeon.
             The game lasted 00:09:09 (3797 turns).

xian the Conjurer (Tengu Conjurer)                  Turns: 3797, Time: 00:09:09

Health: -1/33      AC:  2    Str:  7    XL:     6   Next: 34%
Magic:  0/12       EV: 14    Int: 21    God:
Gold:   105        SH:  0    Dex: 12    Spells: 6/12 levels left

rFire   . . .      SeeInvis .   v - staff of conjuration
rCold   . . .      Faith    .   (no shield)
rNeg    . . .      Spirit   +   a - +0 robe
rPois   .          Reflect  .   (helmet restricted)
rElec   .          Harm     .   (no cloak)
rCorr   .          Rampage  .   (no gloves)
Will    .....                   (boots unavailable)
Stlth   ++........              h - amulet of guardian spirit
HPRegen 0.11/turn               (no ring)
MPRegen 0.13/turn               (no ring)

@: flying quickly and evasively, quick
A: beak, talons 3, nimble flight
a: no special abilities


You were on level 4 of the Dungeon.
You visited 1 branch of the dungeon, and saw 4 of its levels.

You collected 144 gold pieces.
You spent 39 gold pieces at shops.

Inventory:

Hand Weapons
 n - a +1 short sword of venom
Armour
 a - a +0 robe (worn)
Magical Staves
 v - a staff of conjuration (weapon)
Jewellery
 h - an amulet of guardian spirit (around neck)
Scrolls
 e - a scroll of poison {unknown}
 f - a scroll of acquirement {unknown}
 g - 2 scrolls of silence {unknown}
 i - 3 scrolls of vulnerability {unknown}
 l - a scroll of blinking
 o - a scroll of amnesia {unknown}
 p - a scroll of fog
 q - a scroll of teleportation {unknown}
 t - 2 scrolls of enchant weapon {unknown}
 u - 3 scrolls of enchant armour {unknown}
Potions
 b - a potion of magic
 d - 5 potions of brilliance
 j - a potion of flight {unknown}
 k - a potion of attraction {unknown}
 m - 2 potions of lignification
 r - a potion of mutation {unknown}
 s - 2 potions of curing


   Skills:
 + Level 0.5 Fighting
 + Level 2.2 Short Blades
 + Level 0.3 Staves
 + Level 2.3 Dodging
 + Level 2.7 Stealth
 + Level 3.7 Spellcasting
 + Level 7.4 Conjurations


You had 6 spell levels left.
You knew the following spells:

 Your Spells              Type           Power      Damage    Failure   Level
a - Magic Dart            Conj           100%       1d8       1%          1
b - Searing Ray           Conj           100%       2d8       1%          2
c - Stone Arrow           Conj/Erth      58%        3d10      9%          3

Your spell library contained the following spells:

 Spells                   Type           Power      Damage    Failure   Level
 Foxfire                  Conj/Fire      100%       2x1d9     2%          1
 Conjure Flame            Conj/Fire      29%        6-21      9%          3
 Dazzling Flash           Conj/Hex       58%        N/A       9%          3
 Mephitic Cloud           Conj/Pois/Air  21%        N/A       14%         3
 Flame Wave               Conj/Fire      29%        2d8       26%         4
 Fulminant Prism          Conj/Hex       14%        3d9       26%         4
 Iskenderun's Mystic Bla  Conj/Tloc      29%        2d7       26%         4
 Ignite Poison            Fire/Tmut/Pois 3%         N/A       36%         3
 Inner Flame              Hex/Fire       3%         N/A       36%         3
 Animate Armour           Summ/Erth      6%         N/A       77%         4
 Freezing Cloud           Conj/Ice/Air   10%        6-21      77%         5
 Lehudib's Crystal Spear  Conj/Erth      14%        10d5      100%        8


Dungeon Overview and Level Annotations

Branches:
Dungeon (4/15)
 Temple: D:4-7

Altars:
Ashenzari

Shops:
D:2 *!


Innate Abilities, Weirdness & Mutations

You have a beak for a mouth.
You have claws for feet.
Your magical nature lets you fly swiftly and evasively.


Message History

An orc wizard is nearby!
You feel a surge of power!
The magic dart hits the orc wizard.
The orc wizard is lightly wounded.
You feel a surge of power!
The magic dart hits the orc wizard but does no damage.
The orc wizard is lightly wounded.
You feel a surge of power!
The magic dart hits the orc wizard.
The orc wizard is heavily wounded.
An orc wizard is nearby!
Casting: Magic Dart (safe; 1% risk of failure)
Confirm with . or Enter, or press ? or * to list all spells.
Aiming: Searing Ray (safe; 1% risk of failure)
Press: ? - help, Shift-Dir - straight line, f/p - orc wizard
Aim: an orc wizard, wielding a +0 dagger and wearing a +0 robe (heavily wounded, 79% to hit)
You feel a surge of power!
The searing ray hits the orc wizard!
The orc wizard is almost dead. (Press . to maintain the ray.)
You hear a shout! x4
The searing ray hits the orc wizard!
You kill the orc wizard!
You hear a shout!
An ogre comes into view. It is wielding a +0 giant club.
You finish channelling your searing ray.
Casting: Searing Ray (safe; 1% risk of failure)
Confirm with . or Enter, or press ? or * to list all spells.
Aiming: Searing Ray (safe; 1% risk of failure)
Press: ? - help, Shift-Dir - straight line, f - ogre
Aim: an ogre, wielding a +0 giant club (92% to hit)
You feel a surge of power!
The searing ray hits the ogre.
The ogre is moderately wounded. (Press . to maintain the ray.) Unknown command.
The searing ray hits the ogre!
The ogre is severely wounded.
The ogre hits you with a +0 giant club!
Without enough magic to sustain it, your searing ray dissipates.
An orc comes into view.
It is wielding a +1 mace of protection and quivering boomerangs of dispersal.
The ogre hits you with a +0 giant club!!
Ouch! That really hurt!
You die...

#.....# #. #.#
#.....#### #. #.#
#......... #) #.#
#......### .. #.#
####.#.# ###. #.#
#.#.# .†o #.#
#.#.###
#O####.######......
#.@...........#.###
######.######.#.#
#.# #.#.# #.# #.#.#
#.# #.#.# #.# #.#.#
#.# #.#.# #.# #.#
#.#


You could see an ogre and an orc.

Vanquished Creatures
  A phantom (D:3)
  4 orc wizards
  3 gnolls (D:3)
  4 worms
  2 dart slugs
  8 orcs
  5 ball pythons
  4 endoplasms
  2 giant cockroaches
  6 goblins
  9 hobgoblins
  5 kobolds
  5 quokkas
  3 bats
  A frilled lizard (D:2)
  4 rats
66 creatures vanquished.

Notes
Turn   | Place    | Note
-------+----------+-------------------------------------------
     0 | D:1      | xian the Tengu Conjurer began the quest for the Orb.
     0 | D:1      | Reached XP level 1. HP: 10/10 MP: 4/4
   337 | D:1      | Found a faded altar of an unknown god.
   405 | D:1      | Reached XP level 2. HP: 15/15 MP: 4/6
   877 | D:2      | Reached skill level 6 in Conjurations
  1195 | D:2      | Reached XP level 3. HP: 17/19 MP: 0/7
  1363 | D:2      | Found Xael Van's Distillery.
  1371 | D:2      | Bought a potion of curing for 39 gold pieces
  1380 | D:2      | Learned a level 2 spell: Searing Ray
  1527 | D:2      | Found Falaischa's Assorted Antiques.
  1999 | D:3      | Reached XP level 4. HP: 8/24 MP: 0/8
  2240 | D:3      | Learned a level 3 spell: Stone Arrow
  2429 | D:3      | Noticed a phantom
  2795 | D:3      | Reached skill level 1 in Short Blades
  2795 | D:3      | Gained mutation: Your magical nature lets you fly swiftly
                  | and evasively. [Tengu growth]
  2795 | D:3      | Reached XP level 5. HP: 28/28 MP: 0/10
  2872 | D:3      | Killed a phantom
  2873 | D:3      | Reached skill level 7 in Conjurations
  3059 | D:3      | Reached XP level 6. HP: 33/33 MP: 6/12
  3377 | D:3      | Found a broken altar of Ashenzari.
  3797 | D:4      | Slain by an ogre

Illustrated notes

Levels and vault maps discovered:
D:1:      dpeg_arrival_shelter, layout_basic,
          ebering_ecumenical_altar_sacrificial
D:2:      layout_basic, serial_shops, shop, shop
D:3:      layout_basic, general_overflow_altar, uniq_crazy_yiuf_cottage
D:4:      layout_basic, mainiacjoe_overflow_surrounded_room,
          minmay_ruined_shrine

Skill      XL: |  1  2  3  4  5 |
---------------+----------------+-----
Conjurations   | 6 7 |  7.4
Short Blades   | 1 2 |  2.2
Spellcasting   | 3 |  3.7
Fighting       | |  0.5
Staves         | |  0.3
Dodging        | |  2.3
Stealth        | |  2.7

Action                   |  1- 3 |  4- 6 || total
-------------------------+-------+-------++-------
Melee: Short sword       |     7 |       ||     7
       Peck              |     2 |     1 ||     3
       Kick              |     3 |     1 ||     4
       Punch             |     1 |       ||     1
       Staff             |       |     5 ||     5
 Cast: Magic Dart        |    75 |    65 ||   140
       Searing Ray       |     1 |     5 ||     6
  Use: Scroll            |       |     4 ||     4
Armor: Robe              |       |     2 ||     2
Dodge: Dodged            |     2 |     7 ||     9

Table legend: (Time is in decaauts)
 A = Elapsed time spent in this place.
 B = Non-inter-level travel time spent in this place.
 C = Inter-level travel time spent in this place.
 D = Time resting spent in this place.
 E = Time spent auto-exploring this place.
 F = Levels seen in this place.
 G = Mean time per level.
                   A        B        C        D        E       F      G
               +--------+--------+--------+--------+--------+-----+--------+
         Total |   3741 |   3645 |     96 |    238 |   2989 |   4 |  935.2 |
       Dungeon |   3741 |   3645 |     96 |    238 |   2989 |   4 |  935.2 |
               +--------+--------+--------+--------+--------+-----+--------+

Top non-repeatable levels by time:
     D:3: 1771 daAuts
     D:2: 933 daAuts
     D:1: 862 daAuts
     D:4: 174 daAuts
